Rangers vs Sabres

Created - October 23 2007 at 19:00

Goals
1 2 3 T
Rangers 0 0 0 0
Sabres 0 3 0 3
Shots
1 2 3 T
Rangers 15 8 12 35
Sabres 5 16 16 37

Period #1

No Goal

Penalities :
Milan Hejduk (BUF) for Hooking (Minor) at 2:31, Johan Franzen (BUF) for Roughing (Minor) at 3:34, Thomas Vanek (BUF) for Hooking (Minor) at 7:19, Rob Blake (BUF) for Hooking (Minor) at 9:31, Thomas Vanek (BUF) for Hooking (Minor) at 11:06, Milan Hejduk (BUF) for High sticking (Minor) at 14:04, Daniel Briere (BUF) for Hooking (Minor) at 16:16, Jason Blake (NYR) for Cross-checking (Minor) at 17:42

Period #2

1. Sabres , Michael Ryder 2 (Dmitri Kalinin) at 11:14
2. Sabres , Thomas Vanek 6 (Chris Drury, Nathan Horton) at 11:24
3. Sabres , Michael Ryder 3 (Jochen Hecht) at 16:31

Penalities :
Darius Kasparaitis (NYR) for Interference (Minor) at 3:28, Nathan Horton (BUF) for Hooking (Minor) at 6:58, Arron Asham (NYR) for Hooking (Minor) at 11:41, Joe Corvo (NYR) for Slashing (Minor) at 17:57

Period #3

No Goal

Penalities :
Daniel Briere (BUF) for Roughing (Minor) at 1:43, Henrik Zetterberg (BUF) for Charging (Minor) at 4:44, Ales Kotalik (NYR) for Hooking (Minor) at 10:23, Danny Markov (BUF) for Hooking (Minor) at 14:49, John-Michael Liles (BUF) for Tripping (Minor) at 14:56, Jochen Hecht (BUF) for Roughing (Minor) at 18:31

Goalie Stats

Kevin Weekes (NYR), 34 saves from 37 shots - (0.919), L, 0-1-1, 60:00 minutes
Ryan Miller (BUF), 35 saves from 35 shots - (1.000), W, 4-4-1, 60:00 minutes

Players Stats

Rangers
Player Name              G  A  P  +/- PIM S  H  SB FO MP 
-----------------------------------------------------------
Ales Kotalik             0  0  0  -1  2   3  1  0  2  19 
Arron Asham              0  0  0  -1  2   2  2  0  0  12 
Brad Stuart              0  0  0  -1  0   1  1  4  0  25 
Dan Cleary               0  0  0  -1  0   1  0  0  8  20 
Darius Kasparaitis       0  0  0  -1  2   0  1  2  0  9  
Jan Bulis                0  0  0  -1  0   4  0  0  16 18 
Jason Blake              0  0  0   0  2   4  2  0  3  22 
Joe Corvo                0  0  0  -1  2   4  1  1  0  23 
Karel Rachunek           0  0  0  -1  0   2  0  0  0  19 
Kristopher Letang        0  0  0  -1  0   0  0  0  0  20 
Kyle Wellwood            0  0  0  -1  0   2  0  0  16 23 
Matt Cullen              0  0  0   0  0   2  0  0  17 21 
Maxim Lapierre           0  0  0  -1  0   0  2  0  5  6  
Michel Ouellet           0  0  0  -1  0   2  2  0  0  12 
R.J. Umberger            0  0  0  -1  0   2  1  0  16 16 
Radim Vrbata             0  0  0  -1  0   2  0  0  0  7  
Sergei Zubov             0  0  0  -1  0   4  0  1  0  25 
Tim Connolly             0  0  0   0  0   0  2  0  11 11 
Sabres
Player Name              G  A  P  +/- PIM S  H  SB FO MP 
-----------------------------------------------------------
Brian Campbell           0  0  0   0  0   0  1  3  0  19 
Chris Drury              0  1  1   1  0   3  1  0  19 14 
Daniel Briere            0  0  0   0  4   3  1  2  19 21 
Danny Markov             0  0  0   0  2   0  1  0  0  11 
Derek Roy                0  0  0   2  0   2  2  0  19 19 
Dmitri Kalinin           0  1  1   2  0   0  1  0  0  21 
Henrik Tallinder         0  0  0   2  0   0  0  0  0  10 
Henrik Zetterberg        0  0  0   0  2   2  2  0  1  23 
Jochen Hecht             0  1  1   2  2   5  1  0  5  13 
Johan Franzen            0  0  0   0  2   1  0  1  23 10 
John-Michael Liles       0  0  0   0  2   1  0  2  0  23 
Michael Ryder            2  0  2   2  0   5  0  0  0  13 
Milan Hejduk             0  0  0   0  4   3  1  0  2  17 
Nathan Horton            0  1  1   1  2   1  1  0  1  10 
Paul Gaustad             0  0  0   0  0   1  1  0  0  4  
Rob Blake                0  0  0   1  2   0  1  1  0  20 
Thomas Vanek             1  0  1   1  4   10 2  0  5  23 
Toni Lydman              0  0  0   1  0   0  0  2  0  24 

3 Stars

1 - Ryan Miller (BUF)
2 - Michael Ryder (BUF)
3 - Thomas Vanek (BUF)

Power Play

Rangers - 0 on 13 Attempt(s) - 0.00%
Sabres - 0 on 5 Attempt(s) - 0.00%

Penalty Kill

Rangers - 5 on 5 Attempt(s) - 100.00% - Score 0 goal in Penalty Kill
Sabres - 13 on 13 Attempt(s) - 100.00% - Score 0 goal in Penalty Kill

Game Notes

No Game Note

Finance

Level 1 -- Attendance: 5111 (85.18%) -- Ticket Income $459,990.00
Level 2 -- Attendance: 3974 (79.48%) -- Ticket Income $218,570.00
Level 3 -- Attendance: 1863 (82.78%) -- Ticket Income $65,205.00
Level 4 -- Attendance: 2427 (57.11%) -- Ticket Income $60,675.00
Luxury Box -- Attendance: 848 (84.82%) -- Ticket Income $161,120.00
Game was played at the HSBC Arena
Total Attendance: 14223 (76.88%)
Total Ticket Income: $1,053,035.00
Other Income: $158,094.00
Total Income: $1,211,129.00


Play by Play

Period #1

0:01 of 1st period - Henrik Zetterberg wins face-off versus Tim Connolly in neutral zone.
0:04 of 1st period - Sergei Zubov is hit by Henrik Zetterberg and loses puck.
0:12 of 1st period - Henrik Zetterberg is hit by Tim Connolly and loses puck.
0:52 of 1st period - Icing by Brad Stuart.
0:53 of 1st period - Chris Drury wins face-off versus Tim Connolly in Rangers zone.
1:06 of 1st period - Shot by Nathan Horton.
1:06 of 1st period - Shot Misses the Net.
1:08 of 1st period - Shot by Nathan Horton.
1:08 of 1st period - Shot Misses the Net.
1:10 of 1st period - Shot by Rob Blake.
1:10 of 1st period - Shot Misses the Net.
1:12 of 1st period - Shot by Chris Drury.
1:12 of 1st period - Shot Blocked by Brad Stuart.
1:16 of 1st period - Shot by Chris Drury.
1:16 of 1st period - Shot Blocked by Brad Stuart.
1:18 of 1st period - Shot by Rob Blake.
1:18 of 1st period - Deflect By Chris Drury.
1:18 of 1st period - Shot Blocked by Sergei Zubov.
2:22 of 1st period - Shot by Ales Kotalik.
2:22 of 1st period - Stopped by Ryan Miller without a rebound.
2:23 of 1st period - Daniel Briere wins face-off versus R.J. Umberger in Sabres zone.
2:31 of 1st period - Minor Penalty to Milan Hejduk for Hooking.
2:32 of 1st period - Kyle Wellwood wins face-off versus Johan Franzen in Rangers zone.
3:25 of 1st period - Shot by Radim Vrbata.
3:25 of 1st period - Shot Misses the Net.
3:27 of 1st period - Shot by Radim Vrbata.
3:27 of 1st period - Stopped by Ryan Miller without a rebound.
3:28 of 1st period - Dan Cleary wins face-off versus Johan Franzen in Sabres zone.
3:34 of 1st period - Minor Penalty to Johan Franzen for Roughing.
3:35 of 1st period - R.J. Umberger wins face-off versus Thomas Vanek in Sabres zone.
4:25 of 1st period - Icing by Matt Cullen.
4:26 of 1st period - Matt Cullen wins face-off versus Derek Roy in Rangers zone.
5:44 of 1st period - Shot by R.J. Umberger.
5:44 of 1st period - Shot Blocked by Brian Campbell.
5:46 of 1st period - Shot by Michel Ouellet.
5:46 of 1st period - Shot Misses the Net.
5:48 of 1st period - Shot by R.J. Umberger.
5:48 of 1st period - Shot Misses the Net.
5:50 of 1st period - Shot by Arron Asham.
5:50 of 1st period - Stopped by Ryan Miller without a rebound.
5:51 of 1st period - Jochen Hecht wins face-off versus Jan Bulis in Sabres zone.
6:38 of 1st period - Maxim Lapierre is hit by Jochen Hecht and loses puck.
6:41 of 1st period - Shot by Maxim Lapierre.
6:41 of 1st period - Deflect By Radim Vrbata.
6:41 of 1st period - Stopped by Ryan Miller with a rebound.
7:19 of 1st period - Minor Penalty to Thomas Vanek for Hooking.
7:20 of 1st period - Johan Franzen wins face-off versus Matt Cullen in neutral zone.
7:26 of 1st period - Icing by Jason Blake.
7:27 of 1st period - Johan Franzen wins face-off versus R.J. Umberger in Rangers zone.
9:31 of 1st period - Minor Penalty to Rob Blake for Hooking.
9:32 of 1st period - Johan Franzen wins face-off versus Kyle Wellwood in Sabres zone.
9:51 of 1st period - Shot by Ales Kotalik.
9:51 of 1st period - Shot Misses the Net.
9:53 of 1st period - Shot by Brad Stuart.
9:53 of 1st period - Shot Misses the Net.
9:57 of 1st period - Shot by Kyle Wellwood.
9:57 of 1st period - Stopped by Ryan Miller without a rebound.
9:58 of 1st period - Matt Cullen wins face-off versus Derek Roy in Sabres zone.
10:01 of 1st period - Shot by Sergei Zubov.
10:01 of 1st period - Deflect By Jason Blake.
10:01 of 1st period - Shot Misses the Net.
10:03 of 1st period - Shot by Dan Cleary.
10:03 of 1st period - Stopped by Ryan Miller without a rebound.
10:04 of 1st period - Matt Cullen wins face-off versus Derek Roy in Sabres zone.
11:06 of 1st period - Minor Penalty to Thomas Vanek for Hooking.
11:07 of 1st period - Johan Franzen wins face-off versus Tim Connolly in Rangers zone.
12:33 of 1st period - Shot by Sergei Zubov.
12:33 of 1st period - Stopped by Ryan Miller with a rebound.
13:05 of 1st period - Shot by Jan Bulis.
13:05 of 1st period - Stopped by Ryan Miller with a rebound.
13:33 of 1st period - Shot by Thomas Vanek.
13:33 of 1st period - Stopped by Kevin Weekes without a rebound.
13:34 of 1st period - Daniel Briere wins face-off versus Maxim Lapierre in Rangers zone.
13:47 of 1st period - Shot by Daniel Briere.
13:47 of 1st period - Deflect By Henrik Zetterberg.
13:47 of 1st period - Shot Misses the Net.
14:00 of 1st period - Icing by John-Michael Liles.
14:01 of 1st period - Jason Blake wins face-off versus Daniel Briere in Sabres zone.
14:03 of 1st period - Michel Ouellet is hit by Brian Campbell and loses puck.
14:04 of 1st period - Minor Penalty to Milan Hejduk for High sticking.
14:05 of 1st period - Johan Franzen wins face-off versus Jason Blake in Sabres zone.
14:14 of 1st period - Shot by Joe Corvo.
14:14 of 1st period - Stopped by Ryan Miller without a rebound.
14:15 of 1st period - Jason Blake wins face-off versus Derek Roy in Sabres zone.
14:38 of 1st period - Shot by Jason Blake.
14:38 of 1st period - Deflect By Ales Kotalik.
14:38 of 1st period - Shot Misses the Net.
14:40 of 1st period - Shot by Jason Blake.
14:40 of 1st period - Shot Misses the Net.
14:44 of 1st period - Shot by Joe Corvo.
14:44 of 1st period - Shot Misses the Net.
15:12 of 1st period - Toni Lydman is hit by Jason Blake and loses puck.
15:33 of 1st period - Shot by Joe Corvo.
15:33 of 1st period - Shot Misses the Net.
15:35 of 1st period - Shot by Karel Rachunek.
15:35 of 1st period - Shot Blocked by Johan Franzen.
15:39 of 1st period - Shot by Joe Corvo.
15:39 of 1st period - Stopped by Ryan Miller without a rebound.
15:40 of 1st period - Derek Roy wins face-off versus Matt Cullen in Sabres zone.
16:01 of 1st period - Shot by Sergei Zubov.
16:01 of 1st period - Stopped by Ryan Miller without a rebound.
16:02 of 1st period - Ales Kotalik wins face-off versus Johan Franzen in Sabres zone.
16:16 of 1st period - Minor Penalty to Daniel Briere for Hooking.
16:17 of 1st period - Johan Franzen wins face-off versus Kyle Wellwood in Sabres zone.
16:42 of 1st period - Shot by Jan Bulis.
16:42 of 1st period - Shot Misses the Net.
16:46 of 1st period - Shot by Joe Corvo.
16:46 of 1st period - Shot Misses the Net.
16:56 of 1st period - Shot by Sergei Zubov.
16:56 of 1st period - Shot Misses the Net.
17:00 of 1st period - Shot by Jason Blake.
17:00 of 1st period - Shot Misses the Net.
17:02 of 1st period - Shot by Matt Cullen.
17:02 of 1st period - Stopped by Ryan Miller with a rebound.
17:20 of 1st period - Shot by Matt Cullen.
17:20 of 1st period - Deflect By Jason Blake.
17:20 of 1st period - Stopped by Ryan Miller with a rebound.
17:40 of 1st period - Shot by Jan Bulis.
17:40 of 1st period - Stopped by Ryan Miller without a rebound.
17:41 of 1st period - Johan Franzen wins face-off versus Tim Connolly in Sabres zone.
17:41 of 1st period - Danny Markov is hit by R.J. Umberger and loses puck.
17:42 of 1st period - Minor Penalty to Jason Blake for Cross-checking.
17:43 of 1st period - Maxim Lapierre wins face-off versus Thomas Vanek in Sabres zone.
18:04 of 1st period - Shot by Nathan Horton.
18:04 of 1st period - Deflect By Thomas Vanek.
18:04 of 1st period - Stopped by Kevin Weekes with a rebound.
18:08 of 1st period - Shot by Thomas Vanek.
18:08 of 1st period - Stopped by Kevin Weekes without a rebound.
18:09 of 1st period - Dan Cleary wins face-off versus Milan Hejduk in Rangers zone.
18:16 of 1st period - Shot by Joe Corvo.
18:16 of 1st period - Stopped by Ryan Miller without a rebound.
18:17 of 1st period - Milan Hejduk wins face-off versus Kyle Wellwood in Sabres zone.
18:17 of 1st period - Milan Hejduk is hit by Tim Connolly.
18:47 of 1st period - Shot by Milan Hejduk.
18:47 of 1st period - Deflect By Daniel Briere.
18:47 of 1st period - Shot Blocked by Joe Corvo.
19:03 of 1st period - Shot by John-Michael Liles.
19:03 of 1st period - Stopped by Kevin Weekes without a rebound.
19:04 of 1st period - R.J. Umberger wins face-off versus Chris Drury in Rangers zone.
19:33 of 1st period - Shot by Michael Ryder.
19:33 of 1st period - Stopped by Kevin Weekes without a rebound.
19:34 of 1st period - Dan Cleary wins face-off versus Daniel Briere in Rangers zone.
19:44 of 1st period - Daniel Briere is hit by Arron Asham and loses puck.

Period #2

0:01 of 2nd period - Tim Connolly wins face-off versus Daniel Briere in neutral zone.
0:04 of 2nd period - Shot by Jason Blake.
0:04 of 2nd period - Shot Misses the Net.
0:07 of 2nd period - Icing by John-Michael Liles.
0:08 of 2nd period - Jan Bulis wins face-off versus Daniel Briere in Sabres zone.
1:33 of 2nd period - Icing by Toni Lydman.
1:34 of 2nd period - R.J. Umberger wins face-off versus Thomas Vanek in Sabres zone.
2:10 of 2nd period - Shot by Michel Ouellet.
2:10 of 2nd period - Shot Misses the Net.
2:52 of 2nd period - Shot by Michael Ryder.
2:52 of 2nd period - Shot Misses the Net.
2:54 of 2nd period - Shot by Jochen Hecht.
2:54 of 2nd period - Stopped by Kevin Weekes without a rebound.
2:55 of 2nd period - Daniel Briere wins face-off versus Jan Bulis in Rangers zone.
2:55 of 2nd period - Daniel Briere is hit by Ales Kotalik.
3:01 of 2nd period - Shot by Daniel Briere.
3:01 of 2nd period - Shot Misses the Net.
3:05 of 2nd period - Shot by Daniel Briere.
3:05 of 2nd period - Stopped by Kevin Weekes with a rebound.
3:07 of 2nd period - Shot by Daniel Briere.
3:07 of 2nd period - Shot Misses the Net.
3:09 of 2nd period - Shot by Daniel Briere.
3:09 of 2nd period - Stopped by Kevin Weekes without a rebound.
3:10 of 2nd period - Jan Bulis wins face-off versus Derek Roy in Rangers zone.
3:28 of 2nd period - Minor Penalty to Darius Kasparaitis for Interference.
3:29 of 2nd period - Daniel Briere wins face-off versus Dan Cleary in Rangers zone.
4:10 of 2nd period - Shot by Daniel Briere.
4:10 of 2nd period - Stopped by Kevin Weekes without a rebound.
4:11 of 2nd period - Kyle Wellwood wins face-off versus Chris Drury in Rangers zone.
4:11 of 2nd period - Kyle Wellwood is hit by Chris Drury.
6:23 of 2nd period - Paul Gaustad is hit by Michel Ouellet and loses puck.
6:30 of 2nd period - Shot by Johan Franzen.
6:30 of 2nd period - Shot Misses the Net.
6:32 of 2nd period - Shot by Paul Gaustad.
6:32 of 2nd period - Deflect By Thomas Vanek.
6:32 of 2nd period - Shot Misses the Net.
6:34 of 2nd period - Shot by Thomas Vanek.
6:34 of 2nd period - Deflect By Johan Franzen.
6:34 of 2nd period - Stopped by Kevin Weekes without a rebound.
6:35 of 2nd period - Tim Connolly wins face-off versus Chris Drury in Rangers zone.
6:58 of 2nd period - Minor Penalty to Nathan Horton for Hooking.
6:59 of 2nd period - Derek Roy wins face-off versus Kyle Wellwood in Sabres zone.
7:23 of 2nd period - Off-side.
7:24 of 2nd period - Matt Cullen wins face-off versus Johan Franzen in neutral zone.
7:37 of 2nd period - Shot by Jason Blake.
7:37 of 2nd period - Shot Blocked by Daniel Briere.
7:53 of 2nd period - Shot by Jason Blake.
7:53 of 2nd period - Stopped by Ryan Miller without a rebound.
7:54 of 2nd period - Johan Franzen wins face-off versus Jan Bulis in Sabres zone.
8:04 of 2nd period - Off-side.
8:05 of 2nd period - Jan Bulis wins face-off versus Derek Roy in neutral zone.
8:26 of 2nd period - Shot by Karel Rachunek.
8:26 of 2nd period - Stopped by Ryan Miller without a rebound.
8:27 of 2nd period - Matt Cullen wins face-off versus Johan Franzen in Sabres zone.
8:40 of 2nd period - Shot by Jason Blake.
8:40 of 2nd period - Shot Blocked by John-Michael Liles.
8:55 of 2nd period - Sergei Zubov is hit by Derek Roy and loses puck.
9:02 of 2nd period - Shot by Daniel Briere.
9:02 of 2nd period - Shot Misses the Net.
9:04 of 2nd period - Shot by Milan Hejduk.
9:04 of 2nd period - Shot Misses the Net.
9:08 of 2nd period - Shot by Daniel Briere.
9:08 of 2nd period - Shot Misses the Net.
9:10 of 2nd period - Shot by Henrik Zetterberg.
9:10 of 2nd period - Shot Misses the Net.
9:20 of 2nd period - Shot by R.J. Umberger.
9:20 of 2nd period - Shot Blocked by Daniel Briere.
9:58 of 2nd period - Shot by Kyle Wellwood.
9:58 of 2nd period - Deflect By Ales Kotalik.
9:58 of 2nd period - Shot Blocked by Brian Campbell.
10:03 of 2nd period - Shot by Ales Kotalik.
10:03 of 2nd period - Shot Hit the Post.
10:05 of 2nd period - Shot by Ales Kotalik.
10:05 of 2nd period - Shot Blocked by John-Michael Liles.
10:19 of 2nd period - Shot by Jan Bulis.
10:19 of 2nd period - Shot Blocked by Brian Campbell.
10:31 of 2nd period - Henrik Zetterberg is hit by Maxim Lapierre and loses puck.
11:14 of 2nd period - Shot by Michael Ryder.
11:14 of 2nd period - Goal by Michael Ryder - Rangers : 0 - Sabres : 1.
11:15 of 2nd period - Chris Drury wins face-off versus R.J. Umberger in neutral zone.
11:18 of 2nd period - Shot by Thomas Vanek.
11:18 of 2nd period - Stopped by Kevin Weekes with a rebound.
11:20 of 2nd period - Shot by Nathan Horton.
11:20 of 2nd period - Shot Misses the Net.
11:24 of 2nd period - Shot by Thomas Vanek.
11:24 of 2nd period - Goal by Thomas Vanek - Rangers : 0 - Sabres : 2.
11:25 of 2nd period - Chris Drury wins face-off versus Jan Bulis in neutral zone.
11:30 of 2nd period - Shot by Thomas Vanek.
11:30 of 2nd period - Stopped by Kevin Weekes without a rebound.
11:31 of 2nd period - R.J. Umberger wins face-off versus Derek Roy in Rangers zone.
11:38 of 2nd period - Shot by R.J. Umberger.
11:38 of 2nd period - Stopped by Ryan Miller with a rebound.
11:41 of 2nd period - Minor Penalty to Arron Asham for Hooking.
11:42 of 2nd period - Jochen Hecht wins face-off versus Dan Cleary in neutral zone.
11:45 of 2nd period - Shot by Jochen Hecht.
11:45 of 2nd period - Deflect By Thomas Vanek.
11:45 of 2nd period - Shot Misses the Net.
12:18 of 2nd period - Shot by Jochen Hecht.
12:18 of 2nd period - Shot Misses the Net.
12:20 of 2nd period - Shot by Paul Gaustad.
12:20 of 2nd period - Stopped by Kevin Weekes without a rebound.
12:21 of 2nd period - Kyle Wellwood wins face-off versus Chris Drury in Rangers zone.
13:22 of 2nd period - Shot by Milan Hejduk.
13:22 of 2nd period - Shot Misses the Net.
14:01 of 2nd period - Icing by R.J. Umberger.
14:02 of 2nd period - Johan Franzen wins face-off versus R.J. Umberger in Rangers zone.
14:06 of 2nd period - Icing by Arron Asham.
14:07 of 2nd period - R.J. Umberger wins face-off versus Chris Drury in Rangers zone.
14:12 of 2nd period - Shot by Michel Ouellet.
14:12 of 2nd period - Stopped by Ryan Miller with a rebound.
14:14 of 2nd period - Shot by Michel Ouellet.
14:14 of 2nd period - Stopped by Ryan Miller without a rebound.
14:15 of 2nd period - Derek Roy wins face-off versus Jan Bulis in Sabres zone.
14:27 of 2nd period - Jan Bulis is hit by Derek Roy and loses puck.
14:30 of 2nd period - Shot by Joe Corvo.
14:30 of 2nd period - Stopped by Ryan Miller with a rebound.
14:45 of 2nd period - Shot by Ales Kotalik.
14:45 of 2nd period - Stopped by Ryan Miller without a rebound.
14:46 of 2nd period - Daniel Briere wins face-off versus Tim Connolly in Sabres zone.
14:46 of 2nd period - Brian Campbell is hit by Jason Blake and loses puck.
15:49 of 2nd period - Chris Drury is hit by Arron Asham and loses puck.
16:02 of 2nd period - Shot by Michel Ouellet.
16:02 of 2nd period - Shot Misses the Net.
16:04 of 2nd period - Shot by R.J. Umberger.
16:04 of 2nd period - Shot Blocked by Toni Lydman.
16:13 of 2nd period - Icing by Rob Blake.
16:14 of 2nd period - Chris Drury wins face-off versus Jan Bulis in Sabres zone.
16:19 of 2nd period - Shot by Chris Drury.
16:19 of 2nd period - Stopped by Kevin Weekes without a rebound.
16:20 of 2nd period - Jan Bulis wins face-off versus Jochen Hecht in Rangers zone.
16:31 of 2nd period - Shot by Michael Ryder.
16:31 of 2nd period - Goal by Michael Ryder - Rangers : 0 - Sabres : 3.
16:32 of 2nd period - Maxim Lapierre wins face-off versus Derek Roy in neutral zone.
16:55 of 2nd period - Icing by Sergei Zubov.
16:56 of 2nd period - Chris Drury wins face-off versus Maxim Lapierre in Rangers zone.
16:58 of 2nd period - Thomas Vanek is hit by Maxim Lapierre and loses puck.
17:18 of 2nd period - Shot by Chris Drury.
17:18 of 2nd period - Stopped by Kevin Weekes with a rebound.
17:32 of 2nd period - Shot by Chris Drury.
17:32 of 2nd period - Shot Misses the Net.
17:49 of 2nd period - Milan Hejduk is hit by Darius Kasparaitis and loses puck.
17:57 of 2nd period - Minor Penalty to Joe Corvo for Slashing.
17:58 of 2nd period - Dan Cleary wins face-off versus Chris Drury in Rangers zone.
18:06 of 2nd period - Icing by Henrik Zetterberg.
18:07 of 2nd period - Dan Cleary wins face-off versus Chris Drury in Sabres zone.
18:20 of 2nd period - Shot by John-Michael Liles.
18:20 of 2nd period - Shot Misses the Net.
18:57 of 2nd period - Shot by Milan Hejduk.
18:57 of 2nd period - Stopped by Kevin Weekes without a rebound.
18:58 of 2nd period - Daniel Briere wins face-off versus Matt Cullen in Rangers zone.
19:09 of 2nd period - Shot by Thomas Vanek.
19:09 of 2nd period - Stopped by Kevin Weekes with a rebound.
19:11 of 2nd period - Shot by Milan Hejduk.
19:11 of 2nd period - Stopped by Kevin Weekes without a rebound.
19:12 of 2nd period - Kyle Wellwood wins face-off versus Chris Drury in Rangers zone.
19:18 of 2nd period - Icing by Henrik Zetterberg.
19:19 of 2nd period - Kyle Wellwood wins face-off versus Chris Drury in Sabres zone.
19:24 of 2nd period - Shot by Jason Blake.
19:24 of 2nd period - Stopped by Ryan Miller without a rebound.
19:25 of 2nd period - Dan Cleary wins face-off versus Daniel Briere in Sabres zone.

Period #3

0:01 of 3rd period - Tim Connolly wins face-off versus Daniel Briere in neutral zone.
0:10 of 3rd period - Shot by Henrik Zetterberg.
0:10 of 3rd period - Stopped by Kevin Weekes without a rebound.
0:11 of 3rd period - Chris Drury wins face-off versus Jan Bulis in Rangers zone.
0:27 of 3rd period - Icing by Darius Kasparaitis.
0:28 of 3rd period - Jan Bulis wins face-off versus Daniel Briere in Rangers zone.
0:28 of 3rd period - Jan Bulis is hit by Milan Hejduk.
0:44 of 3rd period - Shot by Ales Kotalik.
0:44 of 3rd period - Shot Misses the Net.
0:46 of 3rd period - Shot by Kyle Wellwood.
0:46 of 3rd period - Stopped by Ryan Miller without a rebound.
0:47 of 3rd period - Chris Drury wins face-off versus Tim Connolly in Sabres zone.
1:19 of 3rd period - Sergei Zubov is hit by Rob Blake and loses puck.
1:26 of 3rd period - Shot by Jason Blake.
1:26 of 3rd period - Shot Misses the Net.
1:28 of 3rd period - Shot by Matt Cullen.
1:28 of 3rd period - Stopped by Ryan Miller without a rebound.
1:29 of 3rd period - Daniel Briere wins face-off versus R.J. Umberger in Sabres zone.
1:43 of 3rd period - Minor Penalty to Daniel Briere for Roughing.
1:44 of 3rd period - Derek Roy wins face-off versus Kyle Wellwood in Rangers zone.
2:44 of 3rd period - Shot by Jason Blake.
2:44 of 3rd period - Stopped by Ryan Miller without a rebound.
2:45 of 3rd period - Thomas Vanek wins face-off versus Matt Cullen in Sabres zone.
3:12 of 3rd period - Shot by Matt Cullen.
3:12 of 3rd period - Shot Misses the Net.
3:37 of 3rd period - Shot by Ales Kotalik.
3:37 of 3rd period - Shot Blocked by Toni Lydman.
3:39 of 3rd period - Shot by Ales Kotalik.
3:39 of 3rd period - Shot Misses the Net.
3:41 of 3rd period - Shot by Brad Stuart.
3:41 of 3rd period - Stopped by Ryan Miller without a rebound.
3:42 of 3rd period - Matt Cullen wins face-off versus Johan Franzen in Sabres zone.
3:50 of 3rd period - Off-side.
3:51 of 3rd period - R.J. Umberger wins face-off versus Chris Drury in neutral zone.
4:09 of 3rd period - Michel Ouellet is hit by Nathan Horton and loses puck.
4:14 of 3rd period - Shot by R.J. Umberger.
4:14 of 3rd period - Stopped by Ryan Miller with a rebound.
4:16 of 3rd period - Shot by Karel Rachunek.
4:16 of 3rd period - Shot Misses the Net.
4:18 of 3rd period - Shot by R.J. Umberger.
4:18 of 3rd period - Shot Misses the Net.
4:20 of 3rd period - Shot by Karel Rachunek.
4:20 of 3rd period - Stopped by Ryan Miller without a rebound.
4:21 of 3rd period - Kyle Wellwood wins face-off versus Daniel Briere in Sabres zone.
4:44 of 3rd period - Minor Penalty to Henrik Zetterberg for Charging.
4:45 of 3rd period - Matt Cullen wins face-off versus Johan Franzen in Rangers zone.
5:15 of 3rd period - Shot by Sergei Zubov.
5:15 of 3rd period - Stopped by Ryan Miller with a rebound.
5:17 of 3rd period - Shot by Dan Cleary.
5:17 of 3rd period - Shot Blocked by Rob Blake.
5:19 of 3rd period - Shot by Dan Cleary.
5:19 of 3rd period - Shot Misses the Net.
5:21 of 3rd period - Shot by Brad Stuart.
5:21 of 3rd period - Shot Misses the Net.
5:57 of 3rd period - Shot by Ales Kotalik.
5:57 of 3rd period - Stopped by Ryan Miller with a rebound.
6:01 of 3rd period - Shot by Jan Bulis.
6:01 of 3rd period - Stopped by Ryan Miller without a rebound.
6:02 of 3rd period - Derek Roy wins face-off versus Matt Cullen in Sabres zone.
6:14 of 3rd period - Shot by Jason Blake.
6:14 of 3rd period - Shot Misses the Net.
7:34 of 3rd period - Off-side.
7:35 of 3rd period - Maxim Lapierre wins face-off versus Derek Roy in neutral zone.
7:48 of 3rd period - Icing by Jochen Hecht.
7:49 of 3rd period - Jan Bulis wins face-off versus Jochen Hecht in Sabres zone.
7:56 of 3rd period - Jan Bulis is hit by Dmitri Kalinin and loses puck.
8:07 of 3rd period - Shot by Jochen Hecht.
8:07 of 3rd period - Shot Misses the Net.
8:11 of 3rd period - Shot by Derek Roy.
8:11 of 3rd period - Shot Blocked by Darius Kasparaitis.
8:13 of 3rd period - Shot by Jochen Hecht.
8:13 of 3rd period - Shot Misses the Net.
8:15 of 3rd period - Shot by Jochen Hecht.
8:15 of 3rd period - Shot Blocked by Darius Kasparaitis.
8:19 of 3rd period - Shot by Michael Ryder.
8:19 of 3rd period - Stopped by Kevin Weekes without a rebound.
8:20 of 3rd period - R.J. Umberger wins face-off versus Nathan Horton in Rangers zone.
8:20 of 3rd period - Karel Rachunek is hit by Thomas Vanek and loses puck.
8:51 of 3rd period - Shot by Thomas Vanek.
8:51 of 3rd period - Stopped by Kevin Weekes with a rebound.
8:56 of 3rd period - Icing by Kristopher Letang.
8:57 of 3rd period - Daniel Briere wins face-off versus R.J. Umberger in Rangers zone.
9:17 of 3rd period - Brian Campbell is hit by Brad Stuart and loses puck.
9:28 of 3rd period - Shot by Milan Hejduk.
9:28 of 3rd period - Deflect By Daniel Briere.
9:28 of 3rd period - Shot Blocked by Brad Stuart.
9:32 of 3rd period - Shot by Milan Hejduk.
9:32 of 3rd period - Stopped by Kevin Weekes with a rebound.
9:34 of 3rd period - Shot by Henrik Zetterberg.
9:34 of 3rd period - Stopped by Kevin Weekes with a rebound.
10:20 of 3rd period - Shot by Jochen Hecht.
10:20 of 3rd period - Stopped by Kevin Weekes with a rebound.
10:22 of 3rd period - Shot by Jochen Hecht.
10:22 of 3rd period - Stopped by Kevin Weekes without a rebound.
10:23 of 3rd period - Chris Drury wins face-off versus Jan Bulis in Rangers zone.
10:23 of 3rd period - Minor Penalty to Ales Kotalik for Hooking.
10:24 of 3rd period - Daniel Briere wins face-off versus Kyle Wellwood in Rangers zone.
10:24 of 3rd period - Milan Hejduk is hit by Joe Corvo and loses puck.
11:22 of 3rd period - Shot by Henrik Zetterberg.
11:22 of 3rd period - Shot Misses the Net.
11:24 of 3rd period - Shot by Henrik Zetterberg.
11:24 of 3rd period - Shot Misses the Net.
11:26 of 3rd period - Shot by Chris Drury.
11:26 of 3rd period - Stopped by Kevin Weekes with a rebound.
11:28 of 3rd period - Shot by Michael Ryder.
11:28 of 3rd period - Stopped by Kevin Weekes without a rebound.
11:29 of 3rd period - Chris Drury wins face-off versus Kyle Wellwood in Rangers zone.
12:38 of 3rd period - Shot by Arron Asham.
12:38 of 3rd period - Stopped by Ryan Miller without a rebound.
12:39 of 3rd period - Johan Franzen wins face-off versus Ales Kotalik in Sabres zone.
12:44 of 3rd period - Shot by Thomas Vanek.
12:44 of 3rd period - Stopped by Kevin Weekes without a rebound.
12:45 of 3rd period - Derek Roy wins face-off versus R.J. Umberger in Rangers zone.
12:49 of 3rd period - Thomas Vanek is hit by Michel Ouellet and loses puck.
12:56 of 3rd period - Shot by Derek Roy.
12:56 of 3rd period - Stopped by Kevin Weekes without a rebound.
12:57 of 3rd period - Johan Franzen wins face-off versus Tim Connolly in Rangers zone.
12:58 of 3rd period - Shot by Thomas Vanek.
12:58 of 3rd period - Stopped by Kevin Weekes without a rebound.
12:59 of 3rd period - Tim Connolly wins face-off versus Jochen Hecht in Rangers zone.
13:26 of 3rd period - Shot by Jochen Hecht.
13:26 of 3rd period - Stopped by Kevin Weekes without a rebound.
13:27 of 3rd period - Jan Bulis wins face-off versus Daniel Briere in Rangers zone.
14:43 of 3rd period - Icing by Michel Ouellet.
14:44 of 3rd period - R.J. Umberger wins face-off versus Johan Franzen in Rangers zone.
14:44 of 3rd period - R.J. Umberger is hit by Paul Gaustad.
14:49 of 3rd period - Minor Penalty to Danny Markov for Hooking.
14:50 of 3rd period - Matt Cullen wins face-off versus Johan Franzen in Sabres zone.
14:56 of 3rd period - Minor Penalty to John-Michael Liles for Tripping.
14:57 of 3rd period - Derek Roy wins face-off versus Matt Cullen in Sabres zone.
15:29 of 3rd period - Shot by Jason Blake.
15:29 of 3rd period - Shot Misses the Net.
15:40 of 3rd period - Icing by Matt Cullen.
15:41 of 3rd period - Derek Roy wins face-off versus Matt Cullen in Rangers zone.
16:18 of 3rd period - Shot by Ales Kotalik.
16:18 of 3rd period - Shot Misses the Net.
16:20 of 3rd period - Shot by Kristopher Letang.
16:20 of 3rd period - Shot Misses the Net.
16:24 of 3rd period - Shot by Jan Bulis.
16:24 of 3rd period - Stopped by Ryan Miller without a rebound.
16:25 of 3rd period - Johan Franzen wins face-off versus Kyle Wellwood in Sabres zone.
16:31 of 3rd period - Icing by Joe Corvo.
16:32 of 3rd period - Johan Franzen wins face-off versus Kyle Wellwood in Rangers zone.
17:09 of 3rd period - Shot by Derek Roy.
17:09 of 3rd period - Stopped by Kevin Weekes without a rebound.
17:10 of 3rd period - R.J. Umberger wins face-off versus Daniel Briere in Rangers zone.
17:10 of 3rd period - R.J. Umberger is hit by Daniel Briere.
17:35 of 3rd period - Michel Ouellet is hit by Henrik Zetterberg and loses puck.
18:14 of 3rd period - Shot by Thomas Vanek.
18:14 of 3rd period - Shot Blocked by Brad Stuart.
18:24 of 3rd period - Shot by Nathan Horton.
18:24 of 3rd period - Stopped by Kevin Weekes without a rebound.
18:25 of 3rd period - Derek Roy wins face-off versus Jan Bulis in Rangers zone.
18:28 of 3rd period - Shot by Jochen Hecht.
18:28 of 3rd period - Stopped by Kevin Weekes with a rebound.
18:31 of 3rd period - Minor Penalty to Jochen Hecht for Roughing.
18:32 of 3rd period - Kyle Wellwood wins face-off versus Thomas Vanek in neutral zone.
19:16 of 3rd period - Icing by Dan Cleary.
19:17 of 3rd period - Matt Cullen wins face-off versus Johan Franzen in Rangers zone.
19:17 of 3rd period - Sergei Zubov is hit by Thomas Vanek and loses puck.
19:23 of 3rd period - Joe Corvo is hit by Danny Markov and loses puck.
19:40 of 3rd period - Shot by Sergei Zubov.
19:40 of 3rd period - Stopped by Ryan Miller without a rebound.
19:41 of 3rd period - Derek Roy wins face-off versus Matt Cullen in Sabres zone.


Output by the SimonT Hockey Simulator (STHS) for Stephane Roy -- Original Page W3C XHTML 1.0 Valid